AoeStats
← I'm AOE2 Noob

Arena

510267107Analyzed
4v4 RM · 8h ago on Sep 30, 2026· 43m 59s· 8 players
Game mode
Random Map
Map size
Large (8 player)
Population
200
Speed
Normal
Resources
Standard
Victory
Conquest
Starting age
Dark Age
Ending age
Imperial Age
RankedLock teamsTeams togetherTeam positionsShared explorationLock speedFull tech treeHidden civsTurbo modeCheats
Victory
Defeat
🇨🇳 Turks · China
1685
+14
🇸🇬 Huns · Singapore
1659
+15
🇨🇳 Spanish · China
1620
+16
🇮🇳 Varangians · India
1463
+23
🇺🇸 Burmese · United States
1676
-19
🇭🇺 Turks · Hungary
1621
-17
🇦🇷 Ethiopians · Argentina
1609
-16
🇮🇳 Lithuanians · India
1603
-16
Asator
10:05 Feudal Age
13:40 Castle Age
11:56 Double-Bit Axe
12:05 Horse Collar
17:19 Fervor
19:19 Bow Saw
20:47 Loom
22:47 Wheelbarrow
27:19 Imperial Age
25:16 Fletching
25:44 Gold Mining
27:04 Hand Cart
26:37 Town Watch
26:48 Bodkin Arrow
27:49 Ballistics
28:17 Bracer
29:19 Chemistry
28:31 Masonry
29:22 Two-Man Saw
28:09 Crossbowman
29:15 Thumb Ring
28:48 Arbalester
29:34 Padded Archer Armor
30:39 Leather Archer Armor
31:27 Halberdier
32:07 Squires
33:19 Ring Archer Armor
34:01 Onager
35:43 Siege Engineers
36:18 Siege Onager
39:12 Torsion Engines
_John_
11:04 Feudal Age
14:53 Castle Age
12:40 Double-Bit Axe
13:44 Horse Collar
16:08 Bow Saw
20:08 Padded Archer Armor
19:56 Town Watch
25:10 Loom
28:07 Imperial Age
29:16 Wheelbarrow
28:34 Fletching
Thundernips, The Ultimate Gigolo
11:46 Feudal Age
14:01 Horse Collar
16:28 Castle Age
14:19 Horse Collar
17:01 Light Cavalry
18:17 Heavy Plow
19:25 Wheelbarrow
21:07 Fervor
21:48 Gold Mining
23:19 Husbandry
25:41 Sanctity
26:24 Redemption
26:01 Loom
27:03 Bloodlines
30:48 Imperial Age
29:55 Town Watch
29:56 Loom
30:30 Hand Cart
31:47 Block Printing
31:57 Illumination
32:07 Theocracy
31:57 Illumination
32:07 Theocracy
32:08 Pikeman
32:49 Squires
33:14 Scale Barding Armor
33:21 Forging
32:51 Halberdier
34:19 Chain Barding Armor
34:10 Forging
35:51 Plate Barding Armor
37:15 Iron Casting
36:41 Scale Mail Armor
36:18 Man-at-Arms
36:43 Gambesons
39:37 Blast Furnace
38:27 Fletching
38:19 Treadmill Crane
38:59 Ballistics
39:56 Chemistry
39:06 Masonry
39:41 Howdah
40:02 Conscription
39:45 Manipur Cavalry
41:06 Bodkin Arrow
41:54 Bracer
43:39 Chain Mail Armor
42:54 Elite Battle Elephant
44:39 Gold Shaft Mining
45:03 Plate Mail Armor
The Sage
9:46 Feudal Age
11:48 Wheelbarrow
14:37 Castle Age
12:51 Double-Bit Axe
13:31 Horse Collar
19:55 Loom
24:17 Redemption
29:01 Bow Saw
30:03 Wheelbarrow
29:13 Town Watch
36:09 Imperial Age
34:33 Pikeman
35:13 Squires
36:26 Fletching
36:07 Elite Skirmisher
36:51 Padded Archer Armor
37:02 Halberdier
39:43 Scale Mail Armor
Backspace
5:06 Loom
11:41 Feudal Age
15:22 Castle Age
13:22 Double-Bit Axe
13:58 Horse Collar
25:37 Padded Archer Armor
29:35 Bow Saw
31:58 Wheelbarrow
33:01 Gold Mining
35:36 Hand Cart
37:57 Imperial Age
36:50 Gold Shaft Mining
36:07 Stone Mining
36:33 Leather Archer Armor
38:01 Elite Janissary
38:12 Sappers
39:02 Conscription
43:09 Devotion
44:16 Scale Barding Armor
44:22 Forging
44:15 Husbandry
44:25 Bloodlines
I'm AOE2 Noob
10:48 Feudal Age
11:39 Double-Bit Axe
14:29 Castle Age
13:11 Double-Bit Axe
14:21 Horse Collar
17:59 Wheelbarrow
23:07 Inquisition
23:44 Wheelbarrow
26:49 Gold Mining
26:49 Stone Mining
31:07 Imperial Age
29:23 Stone Mining
29:52 Padded Archer Armor
30:45 Hand Cart
31:28 Town Watch
32:56 Chemistry
32:16 Ballistics
32:56 Chemistry
32:58 Conscription
34:19 Bow Saw
34:02 Elite Conquistador
34:12 Elite Skirmisher
35:57 Leather Archer Armor
35:33 Fletching
36:06 Ballistics
36:16 Scale Mail Armor
36:26 Forging
37:20 Ring Archer Armor
37:01 Forging
37:19 Bodkin Arrow
39:04 Two-Man Saw
39:05 Bracer
39:21 Chain Mail Armor
39:44 Supremacy
39:48 Bloodlines
39:38 Husbandry
40:58 Hoardings
41:02 Heavy Plow
41:39 Stone Shaft Mining
41:50 Devotion
42:39 Thumb Ring
42:02 Heavy Mounted Crossbowman
44:02 Husbandry
Arietta Fine
10:44 Feudal Age
11:57 Double-Bit Axe
14:51 Castle Age
13:00 Horse Collar
15:51 Heavy Plow
16:01 Bow Saw
20:52 Wheelbarrow
23:28 Gold Mining
23:32 Stone Mining
24:54 Gold Shaft Mining
25:00 Hand Cart
28:55 Imperial Age
26:39 Scale Barding Armor
26:44 Forging
26:43 Marauders
27:43 Chain Barding Armor
27:31 Loom
28:06 Bloodlines
27:56 Husbandry
29:04 Iron Casting
29:04 Elite Tarkan
30:31 Plate Barding Armor
30:24 Squires
31:39 Blast Furnace
30:39 Scale Mail Armor
30:32 Pikeman
31:12 Halberdier
33:30 Two-Man Saw
32:45 Chain Mail Armor
33:18 Coinage
32:38 Arson
33:35 Light Cavalry
35:47 Banking
36:30 Caravan
36:28 Hussar
42:35 Atheism
42:38 Conscription
42:59 Devotion
Lyrachord
9:58 Feudal Age
13:45 Castle Age
11:56 Double-Bit Axe
13:32 Horse Collar
15:27 Bow Saw
19:22 Heavy Plow
21:53 Wheelbarrow
23:46 Hand Cart
24:14 Gold Mining
25:03 Loom
28:31 Imperial Age
26:45 Stone Mining
27:04 Squires
26:49 Arson
26:49 Gambesons
27:20 Forging
27:01 Town Watch
27:16 Gambesons
28:09 Scale Mail Armor
28:47 Iron Casting
29:16 Chain Mail Armor
28:36 Capped Ram
29:39 Elite Varangian Guard
30:50 Siege Ram
32:40 Plate Mail Armor
33:11 Blast Furnace
32:00 Pikeman
33:16 Town Patrol
33:37 Conscription
32:53 Gothikon
33:14 Halberdier
34:21 Man-at-Arms
34:23 Vendel Legacy
34:24 Elite Jarl
36:57 Elite Jarl
38:44 Scale Barding Armor
39:28 Ballistics
40:09 Chemistry
39:18 Treadmill Crane
40:01 Chain Barding Armor
39:53 Bloodlines
39:43 Husbandry
41:18 Plate Barding Armor
41:30 Masonry
43:23 Cavalier
43:23 Light Cavalry
Connection lost

Rejoining the realm…

Still unreachable

The connection could not be restored.

Session expired

The server has moved on; the page needs a fresh start.